 Dungeon Crawl Stone Soup version 0.18-a0-1575-g920359c (webtiles) character file.

104 namelastname112 the Chopper (level 4, 0/38 HPs)
             Began as a Draconian Gladiator on Mar 16, 2016.
             Slain by an ogre
             ... wielding a +0 giant spiked club
              (23 damage)
             ... on level 3 of the Dungeon.
             The game lasted 00:02:43 (2280 turns).

namelastname112 the Chopper (Draconian Gladiator)   Turns: 2280, Time: 00:02:43

Health: 0/38       AC:  6    Str: 17    XL:     4   Next: 52%
Magic:  4/4        EV: 13    Int:  9    God:
Gold:   81         SH:  0    Dex: 12    Spells: 0 memorised, 3 levels left

rFire  . . .     SeeInvis .     a - +0 war axe
rCold  . . .     Gourm    .     (armour unavailable)
rNeg   . . .     Faith    .     (no shield)
rPois  .         Spirit   .     b - +0 hat
rElec  .         Dismiss  .     p - +0 cloak
rCorr  .         Reflect  .     (no gloves)
SustAt .         Harm     .     (no boots)
MR     .....                    (no amulet)
Stlth  +.........               (no ring)
                                (no ring)

@: drained, not resistant to hostile enchantments, very unstealthy
A: unfitting armour, cold-blooded, AC +5
a: no special abilities


You were on level 3 of the Dungeon.
You were not hungry.

You visited 1 branch of the dungeon, and saw 3 of its levels.

You collected 81 gold pieces.

Inventory:

Hand Weapons
 a - a +0 war axe (weapon)
Missiles
 c - 2 throwing nets (quivered)
Armour
 b - a +0 hat (worn)
 p - a +0 cloak (worn)
Scrolls
 e - 2 scrolls of fear {unknown}
 f - 4 scrolls of identify {unknown}
 g - a scroll of enchant weapon {unknown}
 h - a scroll of magic mapping {unknown}
 l - 2 scrolls of remove curse {unknown}
Potions
 i - a potion of cancellation {unknown}
 k - a potion of lignification {unknown}
 n - a potion of flight {unknown}
 o - a potion of heal wounds {unknown}
Comestibles
 d - 3 bread rations
 j - a royal jelly
 m - 2 chunks of flesh


   Skills:
 + Level 3.2(3.0) Fighting
 * Level 4.5(4.3) Axes
 - Level 1.7(1.6) Throwing
 + Level 3.1(2.9) Dodging


You had 3 spell levels left.
You didn't know any spells.

Dungeon Overview and Level Annotations

Branches:
Dungeon (3/15)

Altars:
Pakellas


Innate Abilities, Weirdness & Mutations

Your plain brown scales are hard (AC +5).
Your body does not fit into most forms of armour.
You are cold-blooded and may be slowed by cold attacks.


Message History

Found 28 arrows and a scroll labeled OBYROFURGHEO.
You slash the kobold!
You kill the kobold!
You hit the ogre.
The ogre is lightly wounded.
The ogre misses you.
You hit the ogre.
The ogre is moderately wounded.
The ogre hits you with a giant spiked club!
You hit the ogre.
The ogre is heavily wounded.
The ogre misses you.
Throwing (i - inventory):
c - 3 throwing nets (quivered)
Press: ? - help, Shift-Dir - straight line, f - ogre
Aim: an ogre, wielding a giant spiked club (heavily wounded)
You throw a throwing net.
The throwing net barely misses the ogre.
The ogre hits you with a giant spiked club!!
Ouch! That really hurt!
You die...

##...(....#
..?......#
#(.......
....... ....(
... #O# ##@#
### #..# ..##
#.## ...# #.#
#..##(# #.#..#
#...## #.#.##
#..#..########


You could see an ogre.

Vanquished Creatures
  A gnoll (D:2)
  3 adders (D:2)
  3 oozes
  A worm (D:2)
  3 dart slugs
  2 giant geckos
  An orc (D:3)
  A bat (D:2)
  5 giant cockroaches
  3 goblins (D:2)
  3 hobgoblins
  A ball python (D:1)
  2 giant newts (D:1)
  13 kobolds
  3 rats
45 creatures vanquished.

Notes
Turn   | Place    | Note
--------------------------------------------------------------
     0 | D:1      | namelastname112 the Draconian Gladiator began the quest for the Orb.
     0 | D:1      | Reached XP level 1. HP: 17/17 MP: 1/1
   198 | D:1      | Reached XP level 2. HP: 15/25 MP: 2/2
   875 | D:1      | Reached XP level 3. HP: 30/30 MP: 3/3
  1602 | D:2      | Reached skill level 4 in Axes
  1793 | D:2      | Reached XP level 4. HP: 36/38 MP: 4/4
  2140 | D:2      | Found an oddly glowing altar of Pakellas.
  2273 | D:3      | Noticed an ogre
  2280 | D:3      | Slain by an ogre

Vault maps used:
D:1:      dpeg_arrival_arbitrary_b
D:2:      grunt_pakellas_mercury
D:3:      lemuel_castle_with_subvaults, nicolae_qazlal_style_of_elements,
          first_bread, uniq_natasha

Skill      XL: |  1  2  3 |
---------------+----------+-----
Axes           | 4 |  4.5
Dodging        | 3 |  3.1
Fighting       | 3 |  3.2
Throwing       | |  1.7

Action                   |  1- 3 |  4- 6 || total
-------------------------+-------+-------++-------
Melee: War axe           |    65 |    54 ||   119
Throw: Throwing net      |       |     1 ||     1
  Eat: Chunk             |     3 |     1 ||     4
